 Dungeon Crawl Stone Soup version 0.27.0-1-g7a089689b8 (webtiles) character file.

Game seed: 685102942777760986

71 EnegeticOcto the Covered (level 4, 27/42 HPs)
             Began as a Deep Dwarf Fighter on Aug 2, 2021.
             Quit the game on level 2 of the Dungeon.
             The game lasted 00:00:52 (781 turns).

EnegeticOcto the Covered (Deep Dwarf Fighter)        Turns: 781, Time: 00:00:53

Health: 27/42      AC:  7    Str: 21    XL:     4   Next: 5%
Magic:  3/3        EV:  7    Int:  8    God:
Gold:   38         SH:  9    Dex: 12    Spells: 3/3 levels left

rFire    . . .     SeeInvis .   a - +0 war axe
rCold    . . .     Faith    .   c - +0 kite shield
rNeg     . . .     Spirit   .   b - +0 scale mail
rPois    .         Reflect  .   (no helmet)
rElec    .         Harm     .   (no cloak)
rCorr    .         Rampage  .   (no gloves)
Will     .....                  (no boots)
Stlth    ..........             (no amulet)
HPRegen  0.00/turn              (no ring)
MPRegen  0.08/turn              (no ring)

@: no status effects
A: damage resistance, heal wounds, sense surroundings 1, no regeneration
a: Heal Wounds


You were on level 2 of the Dungeon.
You visited 1 branch of the dungeon, and saw 2 of its levels.

You collected 38 gold pieces.

Inventory:

Hand Weapons
 a - a +0 war axe (weapon)
Armour
 b - a +0 scale mail (worn)
 c - a +0 kite shield (worn)
Potions
 d - a potion of might {@q3}
 e - a potion of berserk rage
 f - a potion of haste {@q4}
 g - a potion of flight {unknown}


   Skills:
 + Level 3.1 Fighting
 * Level 3.4 Axes
 + Level 3.8 Armour
 + Level 3.8 Shields


You had 3 spell levels left.
You didn't know any spells.
Your spell library was empty.

Dungeon Overview and Level Annotations

Branches:
Dungeon (2/15)

Altars:
Ashenzari
Xom

Shops:
D:1 *


Innate Abilities, Weirdness & Mutations

You are resistant to damage.
You can heal yourself by infusing magical energy.
You passively map a small area around you.
You do not regenerate.


Message History

There is a stone staircase leading down here.
Found a stone staircase leading down.
There is a stone staircase leading down here.
There is a stone staircase leading down here.
There is a stone staircase leading down here.
Things that are here:
a +0 short sword; 3 stones Done exploring.
Done exploring.
No target in view!
Done exploring.
No target in view!
No target in view!
No target in view!
No target in view!
No target in view!
No target in view!
No target in view!
No target in view!
No target in view!
No target in view!
No target in view!
Done exploring.
Done exploring.
Done exploring.
Done exploring.
Done exploring.
Done exploring.
(D) Dungeon
Where to? (? - help)
There is a stone staircase leading down here.
You climb downwards.
An adder, an endoplasm, a kobold and Natasha come into view.
The kobold shouts!
The adder hisses angrily.
Found a metallic pink potion and 23 stones.
Found a shimmering altar of Xom.
There is a stone staircase leading up here.
There are monsters nearby!
There are monsters nearby!
There are monsters nearby!
There are monsters nearby!
You slash Natasha!
Natasha is severely wounded.
The kobold throws a stone.
You block the stone. Natasha barely misses you.
Natasha claws you but does no damage.
You hit Natasha.
Natasha is almost dead.
You barely miss the adder. The adder bites you.
Natasha mumbles some strange words.
The adder barely misses you. The endoplasm freezes you.
You are frozen.
You hit Natasha.
You kill Natasha!
Natasha screams in fury as she dies!
The shadow imp disappears in a puff of smoke!
You miss the adder. You completely miss the endoplasm.
The adder closely misses you.
The kobold throws a stone.
You block the stone. The endoplasm freezes you.
You are frozen.
You block the adder's attack. The endoplasm freezes you.
You are frozen.
Your base Fighting skill increases to level 3!
You closely miss the adder. You hit the kobold.
You kill the kobold!
You slash the endoplasm!
You kill the endoplasm!
The adder bites you. The adder bites you but does no damage.
You miss the adder. The adder bites you but does no damage.
You block the adder's attack. The adder bites you but does no damage.
You barely miss the adder. You block the adder's attack. The adder bites you.
You are poisoned.
The adder poisons you!
You miss the adder. You block the adder's attack.
The adder bites you but does no damage.
You miss the adder.
You are no longer poisoned.
You block the adder's attack. The adder barely misses you.
You barely miss the adder. The adder bites you but does no damage.
The adder barely misses you.
You hit the adder.
The adder is moderately wounded.
The adder bites you but does no damage. x2; The adder bites you.
You hit the adder.
The adder is heavily wounded.
You block the adder's attack. The adder closely misses you.
You hit the adder.
The adder is severely wounded.
You block the adder's attack. The adder bites you but does no damage.
You closely miss the adder.
The adder is severely wounded.
The adder barely misses you. The adder bites you.
You slash the adder!
You kill the adder!
Ashenzari seems mollified.
You have reached level 4!
You feel stronger.
You fail to use your ability.
g - a metallic pink potion Are you sure you want to abandon this character and quit the game? (Confirm with "yes".)

* * , * ,
############ * ,
#......@.<.# ,,
#.....†....# ,, ,
#.......)..# *
,.......(...# *
#............,
#..............*
...........#....
*....._.....#.#..
, ...........#
#..


There were no monsters in sight!

Vanquished Creatures
  Natasha (D:2)
  An adder (D:2)
  A dart slug (D:1)
  3 ball pythons (D:1)
  2 bats (D:1)
  5 endoplasms
  3 goblins (D:1)
  2 hobgoblins (D:1)
  2 jackals (D:1)
  6 kobolds
  2 quokkas (D:1)
  4 frilled lizards (D:1)
  2 rats (D:1)
34 creatures vanquished.

Vanquished Creatures (others)
  2 plants (D:1)
2 creatures vanquished.

Grand Total: 36 creatures vanquished

Notes
Turn   | Place    | Note
-------+----------+-------------------------------------------
     0 | D:1      | EnegeticOcto the Deep Dwarf Fighter began the quest for the
                  | Orb.
     0 | D:1      | Reached XP level 1. HP: 20/20 MP: 1/1
    93 | D:1      | Reached XP level 2. HP: 20/27 MP: 2/2
   237 | D:1      | Found Jeast's General Store.
   270 | D:1      | Found a faded altar of an unknown god.
   280 | D:1      | Became a worshipper of Ashenzari the Shackled
   281 | D:1      | Fell from the grace of Ashenzari
   421 | D:1      | Reached XP level 3. HP: 30/33 MP: 2/2
   761 | D:2      | Found a shimmering altar of Xom.
   761 | D:2      | Noticed Natasha
   766 | D:2      | Killed Natasha
   778 | D:2      | Was forgiven by Ashenzari
   778 | D:2      | Reached XP level 4. HP: 27/42 MP: 3/3
   781 | D:2      | Quit the game

Illustrated notes

Levels and vault maps discovered:
D:1:      wander_arrival_lonely_grave, layout_loops_ring, serial_shops, shop,
          dilly_ecumenical_altar_fadedgnrine, minmay_crystal_room
D:2:      layout_rooms, basic_altar, nrook_mini_backslash, uniq_robin,
          uniq_natasha

Skill      XL: |  1  2  3 |
---------------+----------+-----
Axes           | 3 |  3.4
Fighting       | 3 |  3.1
Armour         | |  3.8
Shields        | |  3.8

Action                   |  1- 3 |  4- 6 || total
-------------------------+-------+-------++-------
Melee: War axe           |   112 |       ||   112
Invok: Renounce Religion |     1 |       ||     1
 Abil: Heal Wounds       |     2 |       ||     2
Armor: Scale mail        |    42 |       ||    42
Dodge: Dodged            |    42 |       ||    42
Block: Kite shield       |    61 |       ||    61
